[Event "ICC tourney 1982 (45 10)"]
[Site "Internet Chess Club"]
[Date "2020.08.29"]
[Round "4"]
[White "ChessStar22"]
[Black "burstninja"]
[Result "0-1"]
[ICCResult "White resigns"]
[WhiteElo "1292"]
[BlackElo "1682"]
[Opening "Nimzo-Indian: 4.e3 e8g8, 5.Nf3 d7d5"]
[ECO "E51"]
[NIC "QO.16"]
[Time "18:32:29"]
[TimeControl "2700+10"]

1. d4 Nf6 2. c4 e6 3. Nc3 d5 4. e3 Bb4 5. Nf3 O-O 6. Bd2 Nc6 7. a3 Bd6 8.
cxd5 exd5 9. Bd3 Re8 10. O-O Bd7 11. Nb5 Qe7 12. Nxd6 Qxd6 13. Rc1 Bg4 14.
Be2 Ne4 15. Nh4 Bxe2 16. Qxe2 Re6 17. f3 Nxd2 18. Qxd2 Rh6 19. g3 Ne7 20.
Qc2 c6 21. Qc5 Qe6 22. Qc3 Ng6 23. Nxg6 Rxg6 24. Qd3 Re8 25. Rfe1 Qh3 26.
Qe2 Rh6 27. Qg2 Qf5 28. Rc3 Rf6 29. Rf1 Rfe6 30. Re1 Qf6 31. Qf2 Qe7 32. Kg2
b6 33. b4 Ra8 34. Qc2 Qd7 35. Rc1 Rc8 36. b5 Qe8 37. bxc6 Rxe3 38. Kf2 Re6
39. c7 Qe7 40. Qd2 Kf8 41. Re1 Rxe1 42. Qxe1 Qxe1+ 43. Kxe1 Ke7 44. h4 Kd7
45. Kd2 Rxc7 46. Rxc7+ Kxc7 47. g4 Kc6 48. Kc3 b5 49. Kb4 Kb6 50. f4 a5+ 51.
Kb3 Kc6 52. Kc3 Kd6 53. Kb3 g6 54. Kc3 h5 55. gxh5 gxh5 56. f5 Ke7 57. Kd3
Kf6 58. Ke3 Kxf5 59. Kf3 b4 {White resigns} 0-1

[Event "ICC tourney 1982 (45 10)"]
[Site "Internet Chess Club"]
[Date "2020.08.29"]
[Round "4"]
[White "wicked"]
[Black "BillietheKid"]
[Result "1-0"]
[ICCResult "Black resigns"]
[WhiteElo "1545"]
[BlackElo "1632"]
[Opening "Sicilian"]
[ECO "B50"]
[NIC "SI.01"]
[Time "18:32:28"]
[TimeControl "2700+10"]

1. e4 c5 2. Nf3 d6 3. Bc4 Nf6 4. d3 e6 5. Nc3 Be7 6. O-O Nc6 7. a3 a6 8. Bg5
b5 9. Ba2 O-O 10. h3 Bb7 11. Ne2 Nd7 12. Qd2 Bxg5 13. Nxg5 Qf6 14. c3 Nde5
15. f4 Ng6 16. f5 exf5 17. Rxf5 Qe7 18. Nxf7 Nge5 19. Nxe5+ c4 20. Nxc6 Bxc6
21. Raf1 Rxf5 22. Rxf5 g6 23. Rf3 d5 24. exd5 Bxd5 25. Re3 Qf7 26. dxc4 bxc4
27. Nf4 Rd8 28. Nxd5 Rxd5 29. Qe2 Kg7 30. Bxc4 Rd1+ 31. Qxd1 Qxc4 32. Qd4+
Qxd4 33. cxd4 {Black resigns} 1-0

[Event "ICC tourney 1982 (45 10)"]
[Site "Internet Chess Club"]
[Date "2020.08.29"]
[Round "4"]
[White "Jeffchess"]
[Black "JavierDix"]
[Result "0-1"]
[ICCResult "White resigns"]
[WhiteElo "1359"]
[BlackElo "1429"]
[Opening "French defense"]
[ECO "C00"]
[NIC "FR.01"]
[Time "18:32:23"]
[TimeControl "2700+10"]

1. e4 e6 2. Nf3 d5 3. Bd3 c6 4. Nc3 Ne7 5. b3 Nd7 6. Ba3 Ng6 7. Bxf8 Ndxf8
8. exd5 cxd5 9. Bxg6 Nxg6 10. Nd4 e5 11. Qe2 O-O 12. Nf3 Bg4 13. h3 Nf4 14.
Qf1 Bxf3 15. gxf3 Re8 16. O-O-O Rc8 17. Ne2 Qc7 18. c3 d4 19. Nxf4 exf4 20.
c4 b5 21. d3 bxc4 22. dxc4 Qa5 23. Kb1 Rcd8 24. Qd3 Qb4 25. Rhg1 a5 26. Qd2
Qxd2 27. Rxd2 d3 28. Kb2 Re2 29. Rd1 Kf8 30. Rxe2 dxe2 31. Rxd8+ Ke7 32. Rd4
e1=Q 33. Re4+ Qxe4 34. fxe4 Ke6 35. Kc3 Ke5 36. f3 g5 37. a3 h5 38. c5 f6
39. Kd2 Ke6 40. b4 axb4 41. a4 Kd7 42. a5 Kc6 43. a6 b3 44. Kc3 b2 45. Kxb2
g4 46. Kc2 gxh3 47. e5 fxe5 48. Kd3 h2 49. Ke4 h1=Q 50. Kxe5 Qxf3 51. Kf5
Qd5+ 52. Kxf4 Qxc5 53. Kg3 Kb6 54. Kh4 Kxa6 55. Kh3 Qd4 56. Kh2 Qe3 57. Kh1
Qe2 58. Kg1 Kb5 59. Kh1 Kc4 60. Kg1 Kd4 61. Kh1 Ke4 62. Kg1 Kf3 {White
resigns} 0-1

[Event "ICC tourney 1982 (45 10)"]
[Site "Internet Chess Club"]
[Date "2020.08.29"]
[Round "4"]
[White "Deveshc"]
[Black "chess278"]
[Result "1/2-1/2"]
[ICCResult "Game drawn by mutual agreement"]
[WhiteElo "1378"]
[BlackElo "1516"]
[Opening "Caro-Kann defense"]
[ECO "B12"]
[NIC "CK.01"]
[Time "18:32:25"]
[TimeControl "2700+10"]

1. e4 c6 2. d4 d6 3. Nf3 Bg4 4. Bf4 Nf6 5. Nbd2 Nbd7 6. c3 d5 7. exd5 cxd5
8. Bd3 e6 9. h3 Bh5 10. Qe2 Qa5 11. Bb5 a6 12. Bd3 Be7 13. Nb3 Qb6 14. Qc2
Bxf3 15. gxf3 h6 16. Rg1 Nh5 17. Bd2 Qd6 18. O-O-O Rc8 19. Bg6 Ndf6 20. Bd3
Rg8 21. Nc5 Qc7 22. Qa4+ Kf8 23. Nxb7 Qxb7 24. Bxa6 Qa7 25. Bb5 Qxa4 26.
Bxa4 Bd6 27. Kc2 Ke7 28. Bb3 Nf4 29. Rh1 Ne2 30. Be3 Nf4 31. Rde1 Nd7 32.
Bxf4 Bxf4 33. Bxd5 Nb6 34. Bb3 Rgd8 35. Re4 g5 36. Rhe1 Rd6 37. h4
{Game drawn by mutual agreement}
1/2-1/2

[Event "ICC tourney 1982 (45 10)"]
[Site "Internet Chess Club"]
[Date "2020.08.29"]
[Round "4"]
[White "SukrutN"]
[Black "uhm44"]
[Result "1-0"]
[ICCResult "Black checkmated"]
[WhiteElo "1153"]
[BlackElo "1329"]
[Opening "Caro-Kann: advance, Short variation"]
[ECO "B12"]
[NIC "CK.04"]
[Time "18:32:24"]
[TimeControl "2700+10"]

1. e4 c6 2. d4 d5 3. e5 Bf5 4. c3 e6 5. Be2 Nd7 6. Nf3 c5 7. O-O h6 8. Be3
cxd4 9. Nxd4 Bxb1 10. Rxb1 Nxe5 11. Qb3 Qc8 12. Bb5+ Nd7 13. Rfc1 a6 14. Be2
b5 15. a4 Nc5 16. Qc2 Nxa4 17. Nxb5 Nc5 18. c4 Nd7 19. Ra1 Ngf6 20. Qa4 Qd8
21. Na7 Bd6 22. Nc6 Qc7 23. cxd5 Bxh2+ 24. Kh1 Qd6 25. dxe6 O-O 26. exd7
Qxd7 27. Nd4 Qd6 28. Bf3 Nd5 29. Bxd5 Qxd5 30. Kxh2 Qh5+ 31. Kg1 Rfe8 32.
Re1 Re4 33. g3 Rae8 34. Qxa6 Qh3 35. Rac1 R4e5 36. Rc7 Rh5 37. Qc6 Qh2+ 38.
Kf1 Ree5 39. Rc8+ Kh7 40. Qc2+ g6 41. Qc7 Qh3+ 42. Ke2 Qg4+ 43. Kd2 Rhf5 44.
Qd8 g5 45. Qg8# {Black checkmated} 1-0

[Event "ICC tourney 1982 (45 10)"]
[Site "Internet Chess Club"]
[Date "2020.08.29"]
[Round "4"]
[White "BulbasaurMaster"]
[Black "jacobsperber"]
[Result "1-0"]
[ICCResult "Black checkmated"]
[WhiteElo "1323"]
[BlackElo "711"]
[Opening "Caro-Kann: classical variation"]
[ECO "B18"]
[NIC "CK.10"]
[Time "18:32:21"]
[TimeControl "2700+10"]

1. e4 c6 2. d4 d5 3. Nc3 dxe4 4. Nxe4 Bf5 5. Ng3 Bg6 6. Nf3 Nd7 7. Bc4 Ngf6
8. O-O e6 9. Re1 h6 10. Bf4 Be7 11. Bd3 Bxd3 12. Qxd3 O-O 13. c4 Qb6 14. b3
Rfd8 15. Rad1 a5 16. a4 Nb8 17. Ne4 Nxe4 18. Qxe4 Qxb3 19. Ne5 Rf8 20. Rb1
Qxa4 21. Rxb7 Bb4 22. Nxf7 Bxe1 23. Nxh6+ Kh8 24. Nf7+ Kg8 25. Qg6 Bxf2+ 26.
Kxf2 Qa3 27. Nh6+ Kh8 28. Qxg7# {Black checkmated} 1-0

[Event "ICC tourney 1982 (45 10)"]
[Site "Internet Chess Club"]
[Date "2020.08.29"]
[Round "4"]
[White "TheDude865"]
[Black "Luc2008"]
[Result "0-1"]
[ICCResult "White resigns"]
[WhiteElo "1218"]
[BlackElo "1594"]
[Opening "Scandinavian defense, Lasker variation"]
[ECO "B01"]
[NIC "SD.01"]
[Time "18:32:21"]
[TimeControl "2700+10"]

1. e4 d5 2. exd5 Qxd5 3. Nc3 Qa5 4. d4 Nf6 5. Nf3 Bg4 6. h3 Bh5 7. Bc4 e6 8.
O-O Nc6 9. d5 O-O-O 10. Bd2 Nd4 11. g4 Qc5 12. Be2 Bg6 13. Nxd4 Qxd4 14. Be3
Qxd1 15. Rfxd1 exd5 16. Bxa7 c6 17. Bb6 Re8 18. g5 Nd7 19. Bg4 f5 20. gxf6
gxf6 21. Bxd7+ Kxd7 22. Na4 Bxc2 23. Rd4 Bxa4 24. Rxa4 Bd6 25. Ba7 Rhg8+ 26.
Rg4 Rxg4+ 27. hxg4 c5 28. Bb6 Ra8 29. a4 Kc6 30. a5 Bc7 31. Bxc7 Kxc7 32. b4
cxb4 33. Rb1 Rxa5 34. Rxb4 Rc5 35. Rf4 Rc4 36. Rxf6 Rxg4+ 37. Kf1 Rg7 38.
Ke2 b5 39. Kd3 Rg4 40. Rf7+ Kc6 41. Rxh7 b4 42. Rh8 Kb5 43. Rb8+ Ka4 44.
Ra8+ Kb3 45. Rd8 d4 46. Ra8 Rf4 47. Rd8 Rxf2 48. Rxd4 Rf8 49. Kd2 Rc8 50.
Rd7 Kb2 51. Kd1 b3 52. Kd2 Kb1 53. Kd1 b2 54. Kd2 Ra8 55. Rb7 Ka1 56. Kc2
Rc8+ 57. Kd1 b1=Q+ 58. Rxb1+ Kxb1 {White resigns} 0-1

[Event "ICC tourney 1982 (45 10)"]
[Site "Internet Chess Club"]
[Date "2020.08.29"]
[Round "4"]
[White "Florina12345"]
[Black "SunnyCountry"]
[Result "0-1"]
[ICCResult "White checkmated"]
[WhiteElo "1440"]
[BlackElo "1325"]
[Opening "Sicilian: Najdorf, 7...Be7"]
[ECO "B98"]
[NIC "SI.09"]
[Time "18:32:24"]
[TimeControl "2700+10"]

1. e4 c5 2. Nf3 d6 3. d4 cxd4 4. Nxd4 Nf6 5. Nc3 a6 6. Bg5 e6 7. f4 Be7 8.
Qf3 Nc6 9. O-O-O Qc7 10. g4 h6 11. Bh4 Nxd4 12. Rxd4 e5 13. fxe5 dxe5 14.
Rd1 Bxg4 15. Nd5 Nxd5 16. Qxg4 Ne3 17. Qe2 Nxd1 18. Bxe7 Nxb2 19. Ba3 Na4
20. Qc4 Qxc4 21. Bxc4 Rc8 22. Bb3 Nc3 23. Rf1 f6 24. Rf2 Nxe4 25. Rg2 g5 26.
Re2 Nc5 27. Rf2 Nxb3+ 28. axb3 Rc6 29. Kb2 Kf7 30. c4 e4 31. Kc3 Re8 32. Kd4
Kg6 33. Ke3 f5 34. Bc1 f4+ 35. Ke2 f3+ 36. Ke3 Rd6 37. Rd2 Rxd2 38. Kxd2 e3+
39. Ke1 e2 40. Bd2 f2+ 41. Kxf2 Kf5 42. h3 h5 43. Be1 g4 44. hxg4+ hxg4 45.
Kg3 Re3+ 46. Kf2 Rxb3 47. Kxe2 Ke4 48. Kd2 g3 49. Ke2 Kd4 50. Kf1 Kxc4 51.
Kg2 b5 52. Bxg3 Rxg3+ 53. Kxg3 b4 54. Kf2 b3 55. Ke2 b2 56. Kd2 b1=Q 57. Ke3
Qd3+ 58. Kf4 a5 59. Ke5 a4 60. Kf4 a3 61. Ke5 a2 62. Kf4 a1=Q 63. Kg5 Qg7+
64. Kf4 Qgg3# {White checkmated} 0-1

[Event "ICC tourney 1982 (45 10)"]
[Site "Internet Chess Club"]
[Date "2020.08.29"]
[Round "4"]
[White "keshavarzip"]
[Black "handsomematch"]
[Result "1-0"]
[ICCResult "Black resigns"]
[WhiteElo "1473"]
[BlackElo "1210"]
[Opening "Giuoco Piano"]
[ECO "C54"]
[NIC "IG.02"]
[Time "18:32:23"]
[TimeControl "2700+10"]

1. e4 e5 2. Nf3 Nc6 3. Bc4 Bc5 4. c3 Nf6 5. d4 exd4 6. cxd4 Bb4+ 7. Bd2 Nxe4
8. Bxf7+ Kxf7 9. Qb3+ d5 10. Bxb4 Nxb4 11. Qxb4 Rf8 12. O-O Kg8 13. Nbd2 a5
14. Qb3 Nxd2 15. Nxd2 Qg5 16. Qe3 Qg6 17. Rfe1 Bf5 18. Qb3 Qf6 19. Qxd5+ Kh8
20. Qe5 Qf7 21. Qg3 Rad8 22. Nf3 Qd7 23. Rac1 Rf7 24. Ne5 Qd5 25. Nxf7+ Qxf7
26. Rxc7 Qf6 27. Ree7 Qxd4 28. h3 Rg8 29. Qe5 Qxe5 30. Rxe5 Bb1 31. Rxa5
{Black resigns}
1-0

[Event "ICC tourney 1982 (45 10)"]
[Site "Internet Chess Club"]
[Date "2020.08.29"]
[Round "4"]
[White "Abhinac123"]
[Black "sujay2010"]
[Result "1-0"]
[ICCResult "Black resigns"]
[WhiteElo "1467"]
[BlackElo "1378"]
[Opening "Queen's pawn game"]
[ECO "E10"]
[NIC "QI.01"]
[Time "18:32:16"]
[TimeControl "2700+10"]

1. d4 Nf6 2. Nf3 e6 3. c4 d5 4. e3 Be7 5. Nc3 O-O 6. Bd3 b6 7. O-O Bb7 8.
Re1 c5 9. a3 Nc6 10. cxd5 Nxd5 11. e4 Nxc3 12. bxc3 cxd4 13. cxd4 Nxd4 14.
Nxd4 Qxd4 15. Be3 Qd7 16. Qb3 Rfd8 17. Rad1 Qe8 18. Rd2 Qf8 19. Ra1 Rd7 20.
e5 Rad8 21. Rdd1 Bc5 22. Bg5 Be7 23. Be3 Bd5 24. Qa4 Bxg2 25. Bxh7+ Kxh7 26.
Rxd7 Qe8 27. Qc2+ g6 28. Rxd8 Qxd8 29. Kxg2 Qd5+ 30. Kg1 Qxe5 31. Qd1 Bf6
32. Rc1 Bg5 33. Bxg5 Qxg5+ 34. Kh1 Qf5 35. Rc3 Qxf2 36. Rf3 Qc5 37. Rxf7+
Kg8 38. Rf3 Qc6 39. Qd8+ Kh7 40. Qd1 g5 41. Kg1 Qc5+ 42. Kf1 Qc4+ 43. Qd3+
Qxd3+ 44. Rxd3 Kg6 45. Rd7 Kf5 46. Rxa7 Kf4 47. Kf2 e5 48. Rf7+ Ke4 49. Ke2
Kd4 50. Rd7+ Ke4 51. Rd3 Kf4 52. Rg3 Kf5 53. Ke3 e4 54. h3 b5 55. Rg4
{Black resigns}
1-0

[Event "ICC tourney 1982 (45 10)"]
[Site "Internet Chess Club"]
[Date "2020.08.29"]
[Round "4"]
[White "Ananya22609"]
[Black "tortorchess"]
[Result "1/2-1/2"]
[ICCResult "Game drawn by repetition"]
[WhiteElo "1646"]
[BlackElo "1471"]
[Opening "Sicilian: Alapin's variation (2.c3)"]
[ECO "B22"]
[NIC "SI.46"]
[Time "18:32:21"]
[TimeControl "2700+10"]

1. e4 c5 2. c3 Nc6 3. d4 cxd4 4. cxd4 g6 5. Nf3 Bg7 6. Nc3 d6 7. h3 Nf6 8.
Bc4 O-O 9. O-O e6 10. Bf4 d5 11. exd5 exd5 12. Bb3 a6 13. Qd2 Ne4 14. Qd1
Be6 15. Re1 Nxc3 16. bxc3 Rc8 17. Rc1 Na5 18. Ne5 Nc6 19. Qd2 Nxe5 20. Bxe5
b5 21. Qe3 Qd7 22. Bxg7 Kxg7 23. Qe5+ Kg8 24. Qe3 Kg7 25. Qe5+ Kg8 26. Qe3
Kg7 27. h4 Rce8 28. Qf4 h5 29. Qe5+ Kg8 30. Qf4 Kg7 31. Re3 Bf5 32. Rce1
Rxe3 33. Qxe3 Be6 34. Qe5+ Kh7 35. Re3 Qd8 36. Bc2 Qxh4 37. Rg3 Bg4 38. Qxd5
Qe7 39. f3 Qh4 40. Kf2 Be6 41. Bxg6+ fxg6 42. Qxe6 Rf6 43. Qe7+ Kh6 44. Qe3+
Kg7 45. d5 Qa4 46. Qe7+ Rf7 47. Qe5+ Kh7 48. Qe6 Qxa2+ 49. Kg1 Rg7 50. Qe5
Qa1+ 51. Kh2 b4 52. Rg5 Qxc3 53. Rxh5+ gxh5 54. Qxh5+ Kg8 55. Qe8+ Kh7 56.
Qh5+ Kg8 57. Qe8+ Kh7 58. Qh5+ Kg8 {Game drawn by repetition} 1/2-1/2

[Event "ICC tourney 1982 (45 10)"]
[Site "Internet Chess Club"]
[Date "2020.08.29"]
[Round "4"]
[White "randyj"]
[Black "mancogu"]
[Result "0-1"]
[ICCResult "White resigns"]
[WhiteElo "1599"]
[BlackElo "1598"]
[Opening "English: Carls' Bremen system"]
[ECO "A22"]
[NIC "EO.10"]
[Time "18:32:19"]
[TimeControl "2700+10"]

1. c4 e5 2. Nc3 Nf6 3. g3 Nc6 4. Bg2 Be7 5. Nf3 d6 6. d3 O-O 7. O-O h6 8.
Bd2 Be6 9. h3 Qd7 10. Kh2 Rab8 11. Qa4 a6 12. Rac1 Nd4 13. Qxd7 Nxf3+ 14.
Bxf3 Bxd7 15. Nd5 Nxd5 16. Bxd5 c6 17. Bg2 Be6 18. Be3 Bg5 19. f4 Bf6 20.
fxe5 Bxe5 21. d4 Bf6 22. b3 Rfe8 23. Bd2 Bg5 24. Bxg5 hxg5 25. e4 Bd7 26.
Rf2 f6 27. Re1 d5 28. e5 dxc4 29. bxc4 fxe5 30. Rxe5 Rxe5 31. dxe5 Re8 32.
Re2 Kf7 33. Bf3 Be6 34. c5 Rd8 35. Rb2 Rd7 36. Kg2 Ke7 37. g4 Kd8 38. Be4
Kc7 39. Bf5 Re7 40. Re2 Bc4 41. Re4 Bd5 42. Kf3 Rxe5 43. Ke3 Bxe4 44. Bxe4
Rxc5 {White resigns} 0-1

[Event "ICC tourney 1982 (45 10)"]
[Site "Internet Chess Club"]
[Date "2020.08.29"]
[Round "4"]
[White "weakfish"]
[Black "mmiralaie"]
[Result "0-1"]
[ICCResult "White resigns"]
[WhiteElo "1634"]
[BlackElo "1637"]
[Opening "Sicilian: Anderssen variation"]
[ECO "B41"]
[NIC "SI.41"]
[Time "18:32:17"]
[TimeControl "2700+10"]

1. e4 c5 2. Nf3 e6 3. d4 cxd4 4. Nxd4 Nf6 5. a3 Nc6 6. Nc3 a6 7. Bg5 Be7 8.
Nxc6 bxc6 9. e5 Nd5 10. Bxe7 Qxe7 11. Nxd5 cxd5 12. Bd3 Qg5 13. Qe2 Rb8 14.
b3 Qxg2 15. O-O-O Qg5+ 16. Kb2 f6 17. f4 Qxf4 18. Qh5+ Kd8 19. exf6 Qxf6+
20. Ka2 Qh6 21. Qe5 Rb6 22. Rdf1 d6 23. Qg3 g6 24. Qf2 Rc6 25. Qf6+ Kd7 26.
Qxh8 Kc7 27. Rf7+ Kb8 28. Qxh7 Qd2 29. Qxg6 e5 30. Qg1 Bb7 31. Qc1 Qc3 32.
Re1 e4 33. Bf1 d4 34. Bc4 Rxc4 35. bxc4 Qxc4+ 36. Kb1 Qxf7 37. Qb2 Qd5 38.
Qb6 d3 39. Qb3 d2 40. Rd1 Qxb3+ 41. cxb3 e3 42. Kc2 Bf3 43. Rxd2 exd2 44.
Kxd2 Kc7 45. Ke3 Bd1 46. b4 Kc6 47. Kd4 d5 48. h3 Bf3 49. h4 Be4 50. h5 Kb5
51. h6 Ka4 52. h7 Bxh7 53. Kxd5 Kxa3 54. Kc5 Bd3 {White resigns} 0-1

[Event "ICC tourney 1982 (45 10)"]
[Site "Internet Chess Club"]
[Date "2020.08.29"]
[Round "4"]
[White "Baggs"]
[Black "shrey16ultimate"]
[Result "1-0"]
[ICCResult "Black checkmated"]
[WhiteElo "1475"]
[BlackElo "1600"]
[Opening "Queen's pawn: London system"]
[ECO "A45"]
[NIC "QP.07"]
[Time "18:32:22"]
[TimeControl "2700+10"]

1. d4 Nf6 2. Bf4 d5 3. e3 Bf5 4. c3 e6 5. Nf3 c5 6. Nbd2 Nc6 7. Be2 Qb6 8.
Qb3 c4 9. Qxb6 axb6 10. a3 b5 11. Rc1 Nd7 12. Nh4 Bg6 13. Nxg6 hxg6 14. Nf3
Nb6 15. Bd1 Be7 16. O-O f6 17. Re1 g5 18. Bg3 g4 19. Nh4 Kf7 20. Bxg4 f5 21.
Nxf5 exf5 22. Bxf5 g6 23. Bc2 Bh4 24. e4 Bxg3 25. fxg3 dxe4 26. Rxe4 Rhe8
27. Rg4 Re6 28. Rg5 Na7 29. Rc5 Rc8 30. Rg5 Rd8 31. Rf1+ Kg7 32. h4 Kh6 33.
Rf7 Rd7 34. Rf8 Rd5 35. Rg4 Nac8 36. Be4 Rd7 37. h5 g5 38. Rh8+ Kg7 39. Rh7+
Kf8 40. Rh8+ Kg7 41. Rh7+ Kg8 42. Rxd7 Nxd7 43. Bd5 Kf7 44. Bxe6+ Kxe6 45.
Rxg5 Nd6 46. h6 Nf7 47. Rg6+ Kf5 48. Rg7 Kf6 49. Rh7 Nf8 50. Rg7 Ne6 51. Rg8
Nxh6 52. Rb8 Nf5 53. Rxb7 Nxg3 54. Rxb5 Ne4 55. Rb6 Ke7 56. a4 Kd7 57. Rb4
Nd2 58. a5 Nc7 59. g4 Kc6 60. g5 Nd5 61. Rb8 Kc7 62. Rg8 Kb7 63. g6 Nf6 64.
Rf8 Nh5 65. Rf7+ Ka6 66. g7 Nxg7 67. Rxg7 Kxa5 68. Rb7 Ka6 69. Rb4 Ka5 70.
d5 Ka6 71. d6 Ne4 72. d7 Nc5 73. d8=Q Nb7 74. Qb6# {Black checkmated} 1-0

[Event "ICC tourney 1982 (45 10)"]
[Site "Internet Chess Club"]
[Date "2020.08.29"]
[Round "4"]
[White "ruhanv"]
[Black "Theutltl"]
[Result "0-1"]
[ICCResult "White checkmated"]
[WhiteElo "927"]
[BlackElo "1008"]
[Opening "Queen's bishop game"]
[ECO "D02"]
[NIC "QP.06"]
[Time "18:32:20"]
[TimeControl "2700+10"]

1. d4 Nf6 2. Nf3 d5 3. Bf4 g6 4. e3 Bg7 5. c3 O-O 6. Bd3 Nbd7 7. O-O c5 8.
Nbd2 b6 9. h3 Bb7 10. a4 a5 11. Bh2 Ne4 12. Qc2 cxd4 13. exd4 Ndf6 14. Rfe1
e6 15. Ne5 Nxd2 16. Qxd2 Nd7 17. Bb5 Nxe5 18. Bxe5 Ba6 19. Qd3 Qc8 20. Bxg7
Kxg7 21. Re3 Bxb5 22. Qxb5 Qa6 23. Qxa6 Rxa6 24. f4 Rb8 25. b4 axb4 26. cxb4
Rc8 27. b5 Raa8 28. Rea3 Rc4 29. Kf2 Rxd4 30. Ke3 Re4+ 31. Kd3 Rxf4 32. Kc3
e5 33. a5 Rc4+ 34. Kb3 e4 35. Ra4 Rxa4 36. Rxa4 e3 37. axb6 Rb8 38. Kc3 Rxb6
39. Kd3 Rxb5 40. Kxe3 Rb3+ 41. Kf4 Rc3 42. Ke5 Rg3 43. Ra2 Rg5+ 44. Kd4 h5
45. Ke3 Rg3+ 46. Kf2 Rd3 47. Ke2 Rd4 48. Ke3 Rb4 49. Rd2 d4+ 50. Ke2 f5 51.
Rd3 Kf6 52. Kf3 Rc4 53. Kf2 Ke5 54. Ke2 Rc2+ 55. Kf1 Ke4 56. Rd1 d3 57. Re1+
Kf4 58. Re6 d2 59. Ke2 d1=Q+ 60. Kxd1 Rxg2 61. Ke1 Rg3 62. Kf2 h4 63. Ra6
Kg5 64. Ra5 Rxh3 65. Kg2 Rb3 66. Ra2 h3+ 67. Kh2 Kg4 68. Ra4+ f4 69. Ra2 g5
70. Rc2 Rg3 71. Rc5 Rg2+ 72. Kh1 Ra2 73. Kg1 f3 74. Rc4+ Kg3 75. Rc1 Re2 76.
Rf1 f2+ 77. Kh1 Re1 78. Rxe1 fxe1=Q# {White checkmated} 0-1

[Event "ICC tourney 1982 (45 10)"]
[Site "Internet Chess Club"]
[Date "2020.08.29"]
[Round "5"]
[White "Luc2008"]
[Black "weakfish"]
[Result "1-0"]
[ICCResult "Black checkmated"]
[WhiteElo "1612"]
[BlackElo "1616"]
[Opening "Caro-Kann: advance variation"]
[ECO "B12"]
[NIC "CK.04"]
[Time "21:03:23"]
[TimeControl "2700+10"]

1. e4 c6 2. d4 d5 3. e5 Bf5 4. h4 h6 5. g4 Bg6 6. h5 Be4 7. f3 Bh7 8. e6
fxe6 9. Bd3 Nf6 10. Bxh7 Rxh7 11. Qd3 Nbd7 12. Qg6# {Black checkmated} 1-0

[Event "ICC tourney 1982 (45 10)"]
[Site "Internet Chess Club"]
[Date "2020.08.29"]
[Round "5"]
[White "shrey16ultimate"]
[Black "Abhinac123"]
[Result "1-0"]
[ICCResult "Black checkmated"]
[WhiteElo "1610"]
[BlackElo "1457"]
[Opening "Queen's pawn, Mason variation"]
[ECO "D00"]
[NIC "QP.08"]
[Time "21:03:24"]
[TimeControl "2700+10"]

1. d4 d5 2. Bf4 Nf6 3. e3 Bf5 4. c4 e6 5. Nc3 c6 6. Qb3 Qb6 7. c5 Qxb3 8.
axb3 Nbd7 9. b4 Be7 10. b5 O-O 11. bxc6 bxc6 12. Ba6 Nh5 13. Bc7 Bd8 14. Bd6
Re8 15. Bb7 Be7 16. Bxe7 Rxe7 17. Bxa8 Nb8 18. Ra4 Nf6 19. Rb4 Re8 20. Rb7
Ne4 21. Nxe4 Bxe4 22. Nf3 Bd3 23. Rxa7 Bb5 24. Bb7 f6 25. Kd2 Kf7 26. Bxc6+
Re7 27. Rxe7+ Kxe7 28. Bxb5 Kd8 29. Ra1 Kc7 30. Ra7+ Kd8 31. Ra8 Kc7 32.
Rxb8 Kxb8 33. Kc3 Kc7 34. Kb4 Kb7 35. Ka5 Kc7 36. Ka6 Kc8 37. c6 Kb8 38. Kb6
Kc8 39. c7 e5 40. Kc6 e4 41. Ba6# {Black checkmated} 1-0

[Event "ICC tourney 1982 (45 10)"]
[Site "Internet Chess Club"]
[Date "2020.08.29"]
[Round "5"]
[White "VirginiaGuy"]
[Black "Jeffchess"]
[Result "1-0"]
[ICCResult "Black checkmated"]
[WhiteElo "1480"]
[BlackElo "1354"]
[Opening "Queen's pawn"]
[ECO "A40"]
[NIC "QO.17"]
[Time "21:03:22"]
[TimeControl "2700+10"]

1. d4 c6 2. Nf3 d5 3. e3 Bg4 4. h3 Bxf3 5. Qxf3 e6 6. Bd3 Qf6 7. Qxf6 Nxf6
8. c4 Nbd7 9. Nc3 Nb6 10. cxd5 Nfxd5 11. Bd2 Bb4 12. Rc1 Nxc3 13. bxc3 Bd6
14. O-O Nd5 15. c4 Nb4 16. Bb1 a5 17. c5 Be7 18. a3 Nd5 19. e4 Nc7 20. Ba2
O-O 21. Rb1 Nb5 22. Be3 Rab8 23. Bf4 Nxd4 24. Bxb8 Rxb8 25. Rfe1 Bxc5 26. a4
Nc2 27. Rec1 Na3 28. Rxc5 Nxb1 29. Bxb1 Kf8 30. Rxa5 Ke7 31. Kf1 Kd6 32. Ke2
b6 33. Ra7 Rf8 34. Rb7 Kc5 35. Ke3 h5 36. Bd3 g6 37. Rd7 f5 38. exf5 exf5
39. Rg7 Rf6 40. Re7 Kb4 41. Bc2 c5 42. Rb7 Kc3 43. Bb1 g5 44. a5 bxa5 45.
Rb5 f4+ 46. Kf3 Kc4 47. Rxa5 Kb4 48. Ra8 Re6 49. Rb8+ Kc4 50. Ba2+ Kd4 51.
Bxe6 c4 52. Bf5 c3 53. Rd8+ Kc4 54. Bc2 h4 55. Kg4 Kb4 56. Kxg5 Ka3 57. Rb8
Ka2 58. Kxf4 Ka1 59. Kg4 Ka2 60. Kxh4 Ka3 61. f4 Ka2 62. f5 Ka3 63. f6 Ka2
64. f7 Ka1 65. f8=Q Ka2 66. Qf1 Ka3 67. Qa1# {Black checkmated} 1-0

[Event "ICC tourney 1982 (45 10)"]
[Site "Internet Chess Club"]
[Date "2020.08.29"]
[Round "5"]
[White "joeandjoe28"]
[Black "ruhanv"]
[Result "0-1"]
[ICCResult "White checkmated"]
[WhiteElo "1359"]
[BlackElo "957"]
[Opening "Caro-Kann: advance variation"]
[ECO "B12"]
[NIC "CK.02"]
[Time "21:03:23"]
[TimeControl "2700+10"]

1. e4 c6 2. d4 d5 3. e5 c5 4. c3 Nc6 5. Nf3 Bf5 6. Be2 e6 7. O-O Nge7 8. Be3
Ng6 9. Nbd2 Be7 10. Re1 O-O 11. Nf1 Nh4 12. Ng3 Bg6 13. Qd2 Nxf3+ 14. Bxf3
cxd4 15. cxd4 Bb4 16. Qe2 Bxe1 17. Qxe1 Qb6 18. Qd2 Rac8 19. Be2 Nb4 20. Bd1
Nd3 21. b3 Rc6 22. Bc2 Nb4 23. Bxg6 hxg6 24. a3 Na6 25. b4 Rfc8 26. Rb1 Rc2
27. Qe1 Qb5 28. a4 Qxa4 29. Bd2 Qa3 30. Ra1 Qd3 31. Rd1 Qxd4 32. Be3 Qxb4
33. Qxb4 Nxb4 34. Bxa7 Rc1 35. Rf1 Rxf1+ 36. Kxf1 Nc6 37. Bb6 Nxe5 38. Ke2
Rc4 39. Kd2 Rg4 40. h3 Rxg3 41. fxg3 Nc4+ 42. Kd3 Nxb6 43. Kd4 Nc4 44. Kc5
b6+ 45. Kb5 f5 46. Kb4 Kf7 47. Kc3 Kf6 48. Kd4 g5 49. g4 b5 50. gxf5 Kxf5
51. Kc5 e5 52. Kxb5 e4 53. Kb4 e3 54. Kc3 e2 55. g4+ Kf4 56. h4 e1=Q+ 57.
Kd4 Qd2+ 58. Kc5 d4 59. Kxc4 d3 60. h5 Qc2+ 61. Kd5 d2 62. h6 d1=Q+ 63. Ke6
Qe4+ 64. Kf7 Qd7+ 65. Kg8 Qde8+ 66. Kxg7 Q4g6# {White checkmated} 0-1

[Event "ICC tourney 1982 (45 10)"]
[Site "Internet Chess Club"]
[Date "2020.08.29"]
[Round "5"]
[White "mmiralaie"]
[Black "Ananya22609"]
[Result "0-1"]
[ICCResult "White resigns"]
[WhiteElo "1587"]
[BlackElo "1652"]
[Opening "French: Steinitz variation"]
[ECO "C11"]
[NIC "FR.04"]
[Time "21:03:42"]
[TimeControl "2700+10"]

1. e4 e6 2. d4 d5 3. Nc3 Nf6 4. e5 Nfd7 5. Nf3 c5 6. Bf4 Nc6 7. Bb5 Be7 8.
dxc5 Bxc5 9. O-O O-O 10. Ne2 a6 11. Ba4 f6 12. exf6 Nxf6 13. Bg5 Qb6 14. Ng3
Ng4 15. Qd2 Nce5 16. c3 Rxf3 17. Bd1 Rxf2 18. Rxf2 Nxf2 19. Kf1 Bd7 20. Bf3
Bb5+ 21. Be2 Bxe2+ 22. Qxe2 Nfd3 23. Bf4 Rf8 24. Nh5 Nxf4 25. Qxe5 Nd3+
{White resigns}
0-1

[Event "ICC tourney 1982 (45 10)"]
[Site "Internet Chess Club"]
[Date "2020.08.29"]
[Round "5"]
[White "chess278"]
[Black "GPWKnight"]
[Result "1-0"]
[ICCResult "Black resigns"]
[WhiteElo "1528"]
[BlackElo "1503"]
[Opening "Réti opening"]
[ECO "A05"]
[NIC "QP.11"]
[Time "21:03:31"]
[TimeControl "2700+10"]

1. Nf3 Nf6 2. b3 g6 3. Bb2 Bg7 4. e3 O-O 5. Be2 d6 6. d4 Nbd7 7. O-O Re8 8.
Nbd2 e5 9. dxe5 dxe5 10. c4 e4 11. Nd4 a6 12. Rc1 c5 13. Nc2 b6 14. b4 Bb7
15. Nb3 Qc7 16. a3 Rad8 17. Qe1 Ng4 18. Bxg4 Bxb2 19. Rd1 f5 20. Be2 Be5 21.
h3 Bf6 22. bxc5 bxc5 23. Qa5 Qxa5 24. Nxa5 Ba8 25. Rd6 {Black resigns} 1-0